 Dungeon Crawl Stone Soup version 0.30-b1-2-g02819fbbbe (webtiles) character file.

Game seed: 14424371451658546588

20678 CrazyMerlyn the Severer (level 12, 0/110 HPs)
             Began as a Hill Orc Fighter on Aug 31, 2023.
             Was the Champion of the Shining One.
             Drowned by a water elemental (6 damage)
             ... on level 1 of the Shoals.
             The game lasted 01:47:50 (11972 turns).

CrazyMerlyn the Severer (Hill Orc Fighter)         Turns: 11972, Time: 01:47:53

Health: 0/110      AC: 20    Str: 24    XL:     12   Next: 82%
Magic:  13/13      EV:  9    Int:  8    God:    the Shining One [******]
Gold:   884        SH: 10    Dex: 10    Spells: 11/11 levels left

rFire   . . .        a - +3 war axe
rCold   + . .        B - +0 kite shield
rNeg    + + +        M - +2 chain mail {rC+}
rPois   +            R - +2 helmet
rElec   .            L - scarf {repulsion}
rCorr   .            h - +1 pair of gloves
SInv    .            (no boots)
Will    .....        i - amulet of regeneration Stlth
                     P - ring of poison resistance
HPRegen 1.18/turn    S - ring of positive energy
MPRegen 0.13/turn

%: repel missiles
@: engulfed (cannot breathe), glowing
A: hooves 1, wild magic 1
a: Renounce Religion, Divine Shield, Cleansing Flame, Summon Divine Warrior,
Brand Weapon With Holy Wrath


You were on level 1 of the Shoals.
You worshipped the Shining One.
The Shining One was exalted by your worship.
You visited 4 branches of the dungeon, and saw 15 of its levels.
You also visited: Ossuary.

You collected 884 gold pieces.

Inventory:

Hand Weapons
 a - a +3 war axe (weapon)
 c - a +2 short sword of flaming
 u - a +3 dagger
 x - a +5 halberd
 y - a +3 great sword
 G - a +4 great sword of freezing
 H - a +3 long sword
Missiles
 g - 140 stones
 n - 12 poisoned darts
 C - a throwing net
Armour
 h - a +1 pair of gloves (worn)
 v - +0 steam dragon scales
 B - a +0 kite shield (worn)
 L - a scarf of repulsion (worn)
 M - a +2 chain mail of cold resistance (worn)
 R - a +2 helmet (worn)
 T - a +2 cloak
Magical Staves
 k - a staff of poison
 w - a staff of conjuration
 N - a staff of air
Jewellery
 i - an amulet of regeneration (around neck)
 P - a ring of poison resistance (left hand)
 S - a ring of positive energy (right hand)
Wands
 l - a wand of light (1) (quivered)
 E - a wand of polymorph (3)
 F - a wand of flame (15)
 I - a wand of mindburst (18)
Scrolls
 e - 3 scrolls of fear
 f - 2 scrolls of teleportation
 p - a scroll of fog
 s - 3 scrolls of vulnerability
 A - 4 scrolls of immolation
 K - a scroll of blinking
Potions
 b - a potion of magic
 d - 2 potions of might
 m - a potion of invisibility
 q - a potion of brilliance
 r - a potion of resistance
 t - a potion of cancellation {unknown}
 z - 3 potions of flight
 D - 2 potions of lignification
 J - a potion of degeneration {unknown}
 Q - a potion of berserk rage {unknown}


   Skills:
 + Level 11.2 Fighting
 + Level 17.1 Axes
 + Level 0.7 Throwing
 + Level 11.2 Armour
 + Level 3.6 Dodging
 + Level 0.7 Stealth
 + Level 8.8 Shields
 + Level 1.9 Unarmed Combat
 + Level 2.4 Invocations
 + Level 1.5 Evocations


You had 11 spell levels left.
You didn't know any spells.
Your spell library contained the following spells:

 Spells                   Type           Power      Damage    Failure   Level
 Apportation              Tloc           0%         N/A       98%         1
 Sandblast                Erth           0%         2d4       98%         1
 Passwall                 Tmut/Erth      0%         N/A       99%         2
 Poisonous Vapours        Pois/Air       0%         N/A       99%         2
 Mephitic Cloud           Conj/Pois/Air  0%         N/A       100%        3
 Stone Arrow              Conj/Erth      0%         3d7       100%        3
 Cause Fear               Hex            0%         N/A       100%        4
 Alistair's Intoxication  Tmut/Pois      0%         N/A       100%        5
 Freezing Cloud           Conj/Ice/Air   0%         6-21      100%        5
 Dragon Form              Tmut           0%         N/A       100%        7
 Dragon's Call            Summ           0%         N/A       100%        9


Dungeon Overview and Level Annotations

Branches:
Dungeon (10/15)            Temple (1/1) D:6            Lair (3/5) D:10
 Shoals (1/4) Lair:2      Ossuary (visited)
  Snake: Lair:2-3    Spider: Lair:2-3       Orc: D:9-12

Altars:
Ashenzari
Cheibriados
Dithmenos
Elyvilon
Fedhas
Gozag
Hepliaklqana
Kikubaaqudgha
Makhleb
Nemelex Xobeh
Okawaru
Qazlal
Ru
Sif Muna
Trog
Uskayaw
Vehumet
Wu Jian
Xom
Yredelemnul
Zin
The Shining One


Innate Abilities, Weirdness & Mutations

You have large cloven feet.
Your spells are a little harder to cast, but a little more powerful.


Message History

* * * LOW HITPOINT WARNING * * *
The merfolk closely misses you.
Okay, then.
Okay, then.
Blink to where?
Press: ? - help, Dir - move target, p - skyshark
As you read the scroll of blinking, it crumbles to dust.
As you read the scroll of teleportation, it crumbles to dust.
You feel strangely unstable.
You feel better.
Aiming: Bolt of Light
Press: ? - help, Q - select action, (/) - cycle Shift-Dir - straight line, f - you
Okay, then.
Unknown command.
As you read the scroll of fear, it crumbles to dust.
You assume a fearsome visage.
The merfolk looks frightened!
The skyshark is unaffected.
Your surroundings suddenly seem different.
A water elemental and a snapping turtle come into view.
The snapping turtle hisses angrily.
Press: ? - help, v - describe, . - travel
Here: a water elemental (haloed)
The floor.
You hit the water elemental. You kick the water elemental.
The water elemental is lightly damaged.
The water elemental hits you.
The water elemental engulfs you in water!
You hit the water elemental. You kick the water elemental.
The water elemental is moderately damaged.
* * * LOW HITPOINT WARNING * * *
Your lungs strain for air!
A water elemental comes into view.
The water elemental hits you!
* * * LOW HITPOINT WARNING * * *
Aiming: Bolt of Light
Press: ? - help, Q - select action, (/) - cycle Shift-Dir - straight line, f - water elemental
Aim: a water elemental (moderately damaged, haloed, 88% to hit)
The bolt of light hits the water elemental!
The water elemental is severely damaged.
You die...

≈≈≈≈≈≈≈≈E.....
≈≈≈≈≈≈≈≈≈≈~~.
≈≈≈≈≈≈≈≈≈≈≈~
≈≈≈≈≈≈≈t~~~
≈≈≈≈≈~~~~.
~~≈≈≈~...
..~~~~..#
...~~~.@#
...~~~.E#
....~~...
..........
......≈≈...
.....≈≈≈≈...
~~..≈≈≈≈≈≈...
~~~.≈≈≈≈≈~.~~.


You could see a snapping turtle and 2 water elementals.

Vanquished Creatures
  2 two-headed ogres (D:8)
  A soul eater (D:10)
  Sonja (Lair:1)
  A sea snake (Shoals:1)
  2 harpies (Lair:2)
  A manticore (Shoals:1)
  An elephant (D:10)
  A merfolk siren (Shoals:1)
  Joseph (D:8)
  A rust devil (D:10)
  A rime drake (Lair:2)
  2 cane toads (Lair:1)
  A komodo dragon (Lair:1)
  A yaktaur (Shoals:1)
  4 trolls
  A hornet (D:9)
  A snapping turtle (Shoals:1)
  8 blink frogs (Lair:2)
  3 wyverns
  Eustachio (D:5)
  30 yaks
  A chaos spawn (D:10)
  3 basilisks
  5 steam dragons
  A water moccasin (Lair:1)
  2 ice beasts (D:7)
  2 black bears
  An ogre (D:5)
  3 centaurs
  4 phantoms
  2 elf zombies (Ossuary)
  An elf skeleton (D:4)
  4 bullfrogs
  3 scorpions
  21 wights
  6 killer bees (D:7)
  2 howler monkeys
  2 human zombies (Ossuary)
  A centaur zombie (Ossuary)
  A gnoll bouda (D:7)
  6 hounds
  2 jellies
  5 orc priests
  A human skeleton (D:4)
  Ijyb (D:4)
  8 iguanas
  10 orc wizards
  4 sleepcaps
  2 mummies (Ossuary)
  10 gnolls
  7 adders
  2 shadow imps
  A white imp (D:8)
  3 adder zombies (Ossuary)
  3 dart slugs
  3 worms
  39 orcs
  8 bats
  6 endoplasms
  5 giant cockroaches
  4 goblins
  3 hobgoblins
  9 jackals
  11 quokkas
  10 ball pythons
  3 frilled lizards
  A goblin zombie (Ossuary)
  7 hobgoblin zombies (Ossuary)
  9 kobolds
  9 kobold zombies (Ossuary)
  3 orc skeletons (D:4)
  10 orc zombies
  6 rats
  3 rat zombies (Ossuary)
  A bush (Lair:1)
345 creatures vanquished.

Vanquished Creatures (collateral kills)
  A sixfirhy (D:7)
1 creature vanquished.

Vanquished Creatures (others)
  A bush (Shoals:1)
  2 demonic plants (D:10)
  6 fungi
  15 plants
  2 withered plants (D:5)
26 creatures vanquished.

Grand Total: 372 creatures vanquished

Notes
Turn   | Place    | Note
-------+----------+-------------------------------------------
     0 | D:1      | CrazyMerlyn the Hill Orc Fighter began the quest for the
                  | Orb.
     0 | D:1      | Reached XP level 1. HP: 19/19 MP: 1/1
    90 | D:1      | Found a faded altar of an unknown god.
   120 | D:1      | Prayed at the altar of an unknown god.
   120 | D:1      | Became a worshipper of the Shining One
   120 | D:1      | Reached * piety under the Shining One
   184 | D:1      | Reached XP level 2. HP: 25/27 MP: 2/2
   270 | D:1      | Reached skill level 3 in Axes
   771 | D:2      | Reached XP level 3. HP: 33/33 MP: 3/3
  1457 | D:2      | Reached XP level 4. HP: 40/40 MP: 4/4
  1926 | D:3      | Reached ** piety under the Shining One
  2100 | D:3      | Reached skill level 4 in Axes
  2379 | D:3      | Reached XP level 5. HP: 47/47 MP: 5/5
  3015 | D:4      | Reached skill level 5 in Axes
  3015 | D:4      | Reached skill level 1 in Dodging
  3041 | D:4      | Found a sand-covered staircase.
  3066 | D:4      | Reached XP level 6. HP: 53/53 MP: 6/6
  3073 | Ossuary  | Entered an ossuary
  3098 | Ossuary  | Reached *** piety under the Shining One
  3175 | Ossuary  | Reached **** piety under the Shining One
  3193 | Ossuary  | Reached skill level 6 in Axes
  3268 | Ossuary  | Reached ***** piety under the Shining One
  3271 | Ossuary  | Reached XP level 7. HP: 60/60 MP: 7/7
  3280 | Ossuary  | Reached skill level 7 in Axes
  3297 | Ossuary  | Reached skill level 5 in Fighting
  3592 | D:4      | Reached skill level 8 in Axes
  3666 | D:4      | Noticed Ijyb
  3803 | D:4      | Killed Ijyb
  3858 | D:4      | Reached XP level 8. HP: 49/69 MP: 8/8
  3996 | D:5      | Entered Level 5 of the Dungeon
  4025 | D:5      | Reached skill level 1 in Unarmed Combat
  4047 | D:5      | Reached skill level 9 in Axes
  4047 | D:5      | Reached skill level 5 in Armour
  4062 | D:5      | Found a basalt altar of Yredelemnul.
  4250 | D:5      | Noticed Eustachio
  4276 | D:5      | Killed Eustachio
  4763 | D:5      | Gained mutation: You are strong-willed. (Will+) [potion of
                  | mutation]
  4763 | D:5      | Gained mutation: A frigid envelope surrounds you and
                  | freezes all who hurt you. [potion of mutation]
  5150 | D:6      | Found a staircase to the Ecumenical Temple.
  5191 | Temple   | Entered the Ecumenical Temple
  5473 | D:6      | Reached skill level 10 in Axes
  5927 | D:6      | Reached XP level 9. HP: 76/78 MP: 9/9
  6029 | D:6      | Found a white marble altar of Elyvilon.
  6030 | D:6      | Found a stormy altar of Qazlal.
  6548 | D:7      | Reached skill level 11 in Axes
  6697 | D:7      | Found a runed translucent door.
  6697 | D:7      | Noticed a sixfirhy
  6934 | D:7      | Reached skill level 12 in Axes
  7328 | D:8      | Noticed a two-headed ogre
  7335 | D:8      | Killed a two-headed ogre
  7336 | D:8      | Reached skill level 5 in Shields
  7336 | D:8      | Reached XP level 10. HP: 57/88 MP: 10/10
  7646 | D:7      | Killed a sixfirhy
  7647 | D:7      | Reached skill level 13 in Axes
  7647 | D:7      | Reached skill level 1 in Invocations
  7911 | D:8      | Found a snail-covered altar of Cheibriados.
  7911 | D:8      | Noticed Joseph
  7924 | D:8      | Killed Joseph
  8104 | D:8      | Noticed a two-headed ogre
  8114 | D:8      | HP: 4/90 [two-headed ogre/+0 giant club (21)]
  8114 | D:8      | The Shining One protects you from harm!
  8168 | D:8      | Killed a two-headed ogre
  8401 | D:8      | Reached ****** piety under the Shining One
  8407 | D:8      | Reached skill level 14 in Axes
  8698 | D:9      | Reached XP level 11. HP: 94/97 MP: 12/12
  9020 | D:9      | Reached skill level 15 in Axes
  9829 | D:10     | Entered Level 10 of the Dungeon
  9837 | D:10     | Noticed a soul eater
  9846 | D:10     | Killed a soul eater
  9943 | D:10     | Reached skill level 1 in Evocations
  9975 | D:10     | Found a staircase to the Lair.
  9992 | D:10     | Reached skill level 10 in Fighting
 10100 | Lair:1   | Entered Level 1 of the Lair of Beasts
 10150 | Lair:1   | Reached skill level 10 in Armour
 10196 | Lair:1   | Noticed Sonja
 10204 | Lair:1   | Killed Sonja
 10238 | Lair:1   | Reached XP level 12. HP: 96/107 MP: 13/13
 10239 | Lair:1   | Reached skill level 16 in Axes
 11076 | Lair:2   | Lost mutation: You are strong-willed. (Will+) [potion of
                  | mutation]
 11076 | Lair:2   | Lost mutation: A frigid envelope surrounds you and freezes
                  | all who hurt you. [potion of mutation]
 11076 | Lair:2   | Gained mutation: You are frail. (-10% HP) [potion of
                  | mutation]
 11076 | Lair:2   | Gained mutation: You are partially covered in iridescent
                  | scales. (AC +2) [potion of mutation]
 11077 | Lair:2   | Lost mutation: You are frail. (-10% HP) [potion of
                  | mutation]
 11077 | Lair:2   | Lost mutation: You are partially covered in iridescent
                  | scales. (AC +2) [potion of mutation]
 11077 | Lair:2   | Gained mutation: Your spells are a little harder to cast,
                  | but a little more powerful. [potion of mutation]
 11077 | Lair:2   | Gained mutation: You have large cloven feet. [potion of
                  | mutation]
 11177 | Lair:2   | Found a staircase to the Shoals.
 11264 | Lair:2   | You fall into a shaft and drop 1 floor!
 11885 | Shoals:1 | Entered Level 1 of the Shoals
 11900 | Shoals:1 | Reached skill level 17 in Axes
 11954 | Shoals:1 | Noticed a skyshark
 11965 | Shoals:1 | HP: 4/110 [merfolk/+0 trident (14)]
 11972 | Shoals:1 | Drowned by a water elemental

Illustrated notes

Levels and vault maps discovered:
D:1:      minmay_arrival_plants_in_alcoves, layout_rooms,
          ebering_ecumenical_altar_petrified, serial_bayou_lake_a
D:2:      layout_basic
D:3:      layout_loops_ring, glass_columns_a, minivault_4,
          kennysheep_small_spiral, kennysheep_cross_bottleneck, st_stairs_2
D:4:      layout_rooms, nicolae_ossuary_entry_catacombs, uniq_ijyb
D:5:      layout_loops_corners, yredelemnul_altar_generic,
          dreamdust_wishing_well, chequers_serial_rivers_micro_d, uniq_eustachio
D:6:      layout_loops_corners, mainiacjoe_overflow_divided_tiny,
          minmay_temple_entry_large_hall, minmay_alternating_orb
D:7:      cheibrodos_shockbox, layout_basic, minivault_25
D:8:      layout_basic, mainiacjoe_overflow_paths, st_stairs_2, uniq_joseph
D:9:      layout_stronghold
D:10:     layout_stronghold, david_lair_generic, serial_demonic,
          serial_demonic_b, serial_demonic_g, serial_demonic_b,
          serial_demonic_f, serial_demonic_b, serial_demonic_c,
          serial_demonic_e, serial_demonic_f, serial_demonic_d,
          serial_demonic_g, grunt_livestock
Temple:   mainiacjoe_temple_coin_purse
Lair:1:   layout_chaotic_city, uniq_sonja
Lair:2:   layout_cellular_growth, nicolae_shoals_entry_roost, lemuel_fruit_tree
Lair:3:   layout_chaotic_city, nicolae_spider_entry_tight_spaces,
          chequers_serial_rivers_marsh, hangedman_tree_tricks,
          chequers_serial_rivers_large_b, serial_bayou_lagoon_a, minivault_27,
          st_stairs_12, nicolae_lair_lil_pond
Shoals:1: cheibrodos_shoals_baths, layout_shoals, yaktaur_hedge

Skill      XL: |  1  2  3  4  5  6  7  8  9 10 11 12 |
---------------+-------------------------------------+-----
Axes           | 3 4 5 6 8 10 12 14 15 17 | 17.1
Fighting       | 4 5 6 8 9 10 11 | 11.2
Armour         | 4 5 7 8 10 11 | 11.2
Dodging        | 1 2 3 |  3.6
Shields        | 4 5 6 7 8 |  8.8
Unarmed Combat | 1 |  1.9
Invocations    | 2 |  2.4
Evocations     | 1 |  1.5
Throwing       | |  0.7
Stealth        | |  0.7

Action                     |  1- 3 |  4- 6 |  7- 9 | 10-12 || total
---------------------------+-------+-------+-------+-------++-------
  Melee: War axe           |    94 |   159 |   249 |   398 ||   900
         Unarmed           |       |       |    14 |       ||    14
         Kick              |       |       |       |    61 ||    61
  Throw: Stone             |       |     4 |       |       ||     4
 Invoke: Summon Divine War |       |       |       |     2 ||     2
  Evoke: Wand              |       |     3 |     5 |    10 ||    18
    Use: Scroll            |     3 |     1 |     8 |    18 ||    30
         Potion            |       |       |     4 |    14 ||    18
 Armour: Scale mail        |    43 |    87 |    89 |       ||   219
         Chain mail        |       |       |    23 |   184 ||   207
  Dodge: Dodged            |    51 |    67 |    96 |   130 ||   344
         Repelled          |       |       |       |     3 ||     3
  Block: Buckler           |    22 |    30 |    35 |       ||    87
         Kite shield       |       |       |    38 |   191 ||   229
